cohdb
Replays
Latest Replays
All Replays
Popular Replays
Top Player Replays
Match Explorer
How It Works
Community
CoH3 Stats
Reddit
Sign in to upload your games and track your stats! →
Sign in with Steam
Match 46730152
Unlisted
Match 46730152
Overview
Messages
Build Orders
End
Construct Barracks
Riflemen Squad
Riflemen Squad
M1 Mortar Team
Infantry Support Center
M1918 Browning Automatic Rifles
Riflemen Squad
Grenade Package
Scout Squad
Construct Motor Pool
M8 Greyhound Armored Car
M1 Anti-tank Gun Team
Construct Medical Station
Engineer Squad
Construct Tank Depot
Selects Armored Battlegroup
Selects Veteran Crews
Selects Fast Deploy
Selects Seek and Destroy
Selects UNKNOWN (2160077)
M4A3E8 Sherman Easy Eight
Selects M31 Recovery Vehicle
Engineer Squad
Selects War Machine
M4A3E8 Sherman Easy Eight
M4A3E8 Sherman Easy Eight
Seek and Destroy
Advanced Logistics
Survival Training
Munitions Surplus
Kray-Tos
ryukm2785
半坡桐黄师傅
comfo
0
0
Comments
sign in to comment!
No comments posted yet!